cohdb
Replays
Latest Replays
All Replays
Popular Replays
Top Player Replays
Match Explorer
How It Works
Community
CoH3 Stats
Reddit
Sign in to upload your games and track your stats! →
Sign in with Steam
Match 43804639
Unlisted
Match 43804639
Overview
Messages
Build Orders
End
Engineer Squad
Construct Barracks
1⁄4-ton 4x4 Truck
Riflemen Squad
M1 Mortar Team
Riflemen Squad
Construct Medical Station
Grenade Package
Mortar Pit
Riflemen Squad
Mechanized Support Center
Construct Weapon Support Center
Construct Weapon Support Center
Construct Weapon Support Center
M3 Armored Personnel Carrier
Lilfuture
jota barba 7
WOMEN ARE OBJECTS
Ļøĺ
SHALDUN
Taka_nL
0
0
Comments
sign in to comment!
No comments posted yet!